 Dungeon Crawl Stone Soup version 0.22.1-2-g9c5b331 (webtiles) character file.

286 gruber the Poker (level 6, -1/47 HPs)
             Began as a Demonspawn Berserker on Dec 9, 2018.
             Was a Priest of Trog.
             Slain by an ogre
             ... wielding a +0 giant club
              (5 damage)
             ... on level 4 of the Dungeon.
             The game lasted 00:04:24 (3449 turns).

gruber the Poker (Demonspawn Berserker)             Turns: 3449, Time: 00:04:25

Health: -1/47      AC:  3    Str: 17    XL:     6   Next: 8%
Magic:  6/6        EV: 12    Int:  9    God:    Trog [***...]
Gold:   121        SH:  0    Dex: 14    Spells: 5/5 levels left

rFire    . . .     SeeInvis .   a - +0 spear
rCold    + . .     Gourm    .   (no shield)
rNeg     . . .     Faith    .   y - +0 leather armour (curse)
rPois    .         Spirit   .   (helmet unavailable)
rElec    .         Reflect  .   (no cloak)
rCorr    .         Harm     .   (no gloves)
MR       .....                  (no boots)
Stlth    +.........             (no amulet)
HPRegen  0.15/turn              (no ring)
MPRegen  0.10/turn              (no ring)

@: starving
A: horns 3, cold resistance 1
a: Berserk, Trog's Hand, Renounce Religion


You were on level 4 of the Dungeon.
You worshipped Trog.
Trog was most pleased with you.
You were starving.

You visited 1 branch of the dungeon, and saw 4 of its levels.

You collected 121 gold pieces.

Inventory:

Hand Weapons
 a - a +0 spear (weapon)
Missiles
 x - 5 needles of confusion
Armour
 b - a +3 leather armour
 y - a cursed +0 leather armour (worn)
Wands
 w - a wand of random effects (22)
Scrolls
 g - a scroll of amnesia {unknown}
 h - 2 scrolls of fear {unknown}
 j - 2 scrolls of identify {unknown}
 k - 2 scrolls of enchant armour {unknown}
 l - 2 scrolls of teleportation {unknown}
 n - 2 scrolls of magic mapping {unknown}
 o - a scroll of enchant weapon {unknown}
 p - a scroll of remove curse {unknown}
 q - a scroll of immolation {unknown}
 s - a scroll of blinking {unknown}
Potions
 d - 3 potions of curing {unknown}
 e - 2 potions of heal wounds {unknown}
 f - a potion of invisibility {unknown}
 i - 3 potions of magic {unknown}
 m - a potion of lignification {unknown}
 r - 2 potions of brilliance {unknown}
 u - a potion of flight {unknown}
 v - a potion of agility {unknown}
Comestibles
 c - 10 rations


   Skills:
 - Level 3.0 Fighting
 + Level 6.2 Polearms
 - Level 1.7 Armour
 - Level 1.7 Dodging


You had 5 spell levels left.
You didn't know any spells.
Your spell library was empty.

Dungeon Overview and Level Annotations

Branches:
Dungeon (4/15)
 Temple: D:4-7

Altars:
Dithmenos
Vehumet
Yredelemnul


Innate Abilities, Weirdness & Mutations

You have a pair of large horns on your head.
Your flesh is cold resistant. (rC+)


Message History

Attack whom?
Press: ? - help, Dir - move target cursor, f/p - ogre
Aim: an ogre, wielding a giant club (heavily wounded)
You hit the ogre.
The ogre is heavily wounded.
The ogre hits you with a giant club!!
Ouch! That really hurt!
* * * LOW HITPOINT WARNING * * *
Attack whom?
Press: ? - help, Dir - move target cursor, f/p - ogre
Aim: an ogre, wielding a giant club (heavily wounded)
You hit the ogre. Your headbutt misses the ogre.
The ogre is severely wounded.
You barely miss the ogre. Your headbutt misses the ogre.
The ogre is severely wounded.
The ogre misses you.
You barely miss the ogre.
The ogre is heavily wounded.
The ogre hits you with a giant club.
You die...

.. .......
..........
#.........
#.#.......
#.#.......
########.........
#.........O......
#........@#
#........##
#........#
#........#
#........#
#........#
#.....<).#
#........#
#........#


You could see an ogre.

Vanquished Creatures
  A crimson imp (D:2)
  An orc priest (D:3)
  2 orc wizards (D:3)
  5 adders
  An ooze (D:1)
  An adder skeleton (D:4)
  3 worms
  3 dart slugs
  8 orcs
  10 bats
  5 giant cockroaches
  13 goblins
  9 hobgoblins
  6 jackals
  2 quokkas
  8 frilled lizards
  14 kobolds
  5 rats
97 creatures vanquished.

Notes
Turn   | Place    | Note
-------+----------+-------------------------------------------
     0 | D:1      | gruber the Demonspawn Berserker began the quest for the
                  | Orb.
     0 | D:1      | Reached XP level 1. HP: 18/18 MP: 1/1
    12 | D:1      | Reached skill level 3 in Polearms
    68 | D:1      | Gained mutation: You have a pair of small horns on your
                  | head. [demonic ancestry]
    68 | D:1      | Reached XP level 2. HP: 12/24 MP: 2/2
   928 | D:1      | Reached ** piety under Trog
   933 | D:1      | Reached XP level 3. HP: 29/29 MP: 3/3
  1061 | D:2      | Reached skill level 4 in Polearms
  1426 | D:2      | Gained mutation: You have a pair of horns on your head.
                  | [demonic ancestry]
  1426 | D:2      | Reached XP level 4. HP: 19/35 MP: 4/4
  1810 | D:2      | Found a shadowy altar of Dithmenos.
  1813 | D:2      | Reached skill level 5 in Polearms
  1901 | D:2      | Found a basalt altar of Yredelemnul.
  2487 | D:3      | Gained mutation: Your flesh is cold resistant. (rC+)
                  | [demonic ancestry]
  2487 | D:3      | Reached XP level 5. HP: 36/41 MP: 5/5
  2554 | D:3      | Reached *** piety under Trog
  2847 | D:3      | Reached skill level 6 in Polearms
  2911 | D:3      | Found a radiant altar of Vehumet.
  3225 | D:3      | Gained mutation: You have a pair of large horns on your
                  | head. [demonic ancestry]
  3225 | D:3      | Reached XP level 6. HP: 30/47 MP: 6/6
  3449 | D:4      | Slain by an ogre

Skill      XL: |  1  2  3  4  5 |
---------------+----------------+-----
Polearms       | 3 4 5 6 |  6.2
Fighting       | |  3.0
Armour         | |  1.7
Dodging        | |  1.7

Action                   |  1- 3 |  4- 6 || total
-------------------------+-------+-------++-------
Melee: Spear             |   127 |   195 ||   322
       Headbutt          |    15 |    29 ||    44
Invok: Berserk           |     1 |     2 ||     3
 Stab: Sleeping          |     2 |     3 ||     5
  Eat: Chunk             |     3 |     6 ||     9
Armor: Animal skin       |    11 |     6 ||    17
       Leather armour    |       |    10 ||    10
Dodge: Dodged            |    47 |    86 ||   133
